Map: Lerilak Crest

Players

lesha

  • Race: Terran Terran

A.I. 1 (Harder) - Winner!

  • Race: Protoss Protoss

VOD

Have the link to the VOD?

Description

Time

  • Played on: Dec. 1, 2015, 10:30 a.m.
  • Length: 6:40
Show
View Real Time Build Order
Export as new Build Order

lesha Terran 

Build Orders:  

Get SALT Encoding   

  12  0:02  SCV  
  13  0:14  SCV  
  13  0:19  Supply Depot  
  14  0:29  SCV  
  15  0:41  SCV  
  16  0:47  Barracks  
  16  0:53  SCV  
  17  1:05  SCV  
  18  1:17  SCV  
  19  1:33  Command Center  
  19  1:35  Orbital Command  
  19  1:41  Marine  
  20  1:50  Bunker  
  20  1:59  Refinery  
  20  2:03  SCV, Refinery  
  21  2:11  Marine  
  22  2:15  SCV  
  23  2:25  Barracks  
  23  2:37  Supply Depot  
  23  2:44  Marine  
  23  2:45  SCV  
  25  3:06  SCV  
  25  3:07  SCV  
  27  3:19  Factory  
  27  3:37  Orbital Command  
  27  3:39  SCV  
  28  3:41  Command Center  
  28  3:51  SCV  
  28  3:53  Barracks Tech Lab  
  28  3:54  Barracks Reactor  
  29  4:07  SCV  
  30  4:19  SCV  
  31  4:25  SCV  
  31  4:31  SCV  
  33  4:32  Refinery  
  33  4:35  Refinery, Marine x3  
  33  4:37  SCV  
  37  4:43  SCV, Starport  
  38  4:47  Factory Tech Lab  
  38  4:49  SCV  
  39  4:53  Marine x2  
  39  4:54  Marauder  
  43  5:03  SCV  
  43  5:04  SCV, Engineering Bay  
  43  5:06  Engineering Bay  
  46  5:09  Orbital Command  
  45  5:16  SCV  
  46  5:30  Barracks  
  46  5:32  Barracks  
  46  5:33  Barracks  
  46  5:35  SCV x3, Barracks  
  49  5:36  Barracks x2  
  49  5:47  SCV x2  
  51  5:53  Starport Reactor  
  51  6:00  Starport  
  51  6:02  Marine  
  51  6:03  Marine x2  
  55  6:20  Marine  
Show
View Real Time Build Order
Export as new Build Order

A.I. 1 (Harder) Protoss - Winner!

Build Orders:  

Get SALT Encoding   

  12  0:01  Probe (Chrono Boost)  
  13  0:11  Probe (Chrono Boost)  
  14  0:20  Pylon  
  14  0:22  Probe (Chrono Boost)  
  15  0:38  Probe (Chrono Boost)  
  16  0:47  Assimilator  
  16  0:48  Probe (Chrono Boost)  
  17  0:50  Gateway  
  17  0:59  Probe (Chrono Boost), Pylon  
  18  1:09  Probe (Chrono Boost)  
  19  1:21  Probe (Chrono Boost)  
  20  1:35  Zealot  
  22  1:42  Cybernetics Core  
  22  1:45  Gateway  
  22  1:46  Assimilator  
  22  2:03  Pylon  
  22  2:17  Stalker, Warp Gate  
  24  2:31  Zealot  
  26  2:45  Pylon  
  26  2:46  Zealot  
  28  2:57  Stalker  
  30  3:11  Stalker  
  32  3:26  Stalker  
  34  3:36  Pylon  
  34  3:40  Probe (Chrono Boost), Adept  
  37  3:51  Probe (Chrono Boost)  
  37  3:54  Stalker  
  38  3:59  Forge  
  41  4:02  Probe (Chrono Boost)  
  41  4:07  Adept  
  43  4:14  Probe (Chrono Boost)  
  44  4:20  Pylon  
  44  4:25  Probe (Chrono Boost)  
  45  4:33  Stalker  
  45  4:37  Probe (Chrono Boost)  
  48  4:43  Stalker  
  50  5:47  Adept  
  52  5:50  Gateway  
  52  5:52  Robotics Facility  
  52  5:54  Sentry  
  52  5:56  Twilight Council, Nexus  
  54  6:00  Pylon  
  54  6:07  Adept  
  56  6:16  Adept  
  56  6:25  Photon Cannon  
  56  6:27  Adept  
  58  6:35  Sentry, Photon Cannon  
Tags
 
Add a new tag
Caveats
  • Supply blocks, unpowered buildings, or Contaminate may cause inaccurate times.
  • Supply counts are checked every 10 seconds.